 Dungeon Crawl Stone Soup version 0.15-a0-2374-gaadabb3 (webtiles) character file.

3500 MRaven the Grappler (level 9, 0/73 HPs)
             Began as a Demonspawn Chaos Knight on Aug 1, 2014.
             Was a Plaything of Xom.
             Slain by a killer bee (2 damage)
             ... on Level 8 of the Dungeon.
             The game lasted 00:43:07 (8722 turns).

MRaven the Grappler (Demonspawn Chaos Knight)       Turns: 8722, Time: 00:43:08

HP   0/73        AC 19     Str 11 (13) XL: 9   Next: 80%
MP   9/9         EV  5     Int 16 (17) God: Xom
Gold 369         SH  0     Dex  8 (12) Spells:  0 memorised,  8 levels left

rFire  + . .     SeeInvis .       - Unarmed
rCold  + . .     Rnd*Rage +     s - +2 chain mail {rF+}
rNeg   + . .     rCorr    .     (no shield)
rPois  +         rRot     .     t - +2 hat "Crikuh" {Dex+3 Int+3}
rElec  .         Spirit   .     n - +0 cloak
SustAb .         Warding  +     (no gloves)
rMut   .         Stasis   .     O - +0 pair of boots
Gourm  .                        v - amulet of warding
MR     .....                    j - ring of poison resistance
                                u - +4 ring of slaying

@: lethally poisoned, not resistant to hostile enchantments, extremely
unstealthy
A: claws 2, rough black scales 2, berserk 1, blink 1, clumsy 1, cold resistance
1, deformed body, deterioration 2, nightstalker 1, weak 1, freezing cloud
immunity
a: Blink, Renounce Religion


You were on level 8 of the Dungeon.
You worshipped Xom.
You were a special plaything of Xom.
You were not hungry.

You visited 1 branch of the dungeon, and saw 8 of its levels.

You collected 369 gold pieces.

Inventory:

Armour
 b - a +3 leather armour
 n - a +0 cloak (worn)
 s - a +2 chain mail of fire resistance (worn)
 t - the cursed +2 hat "Crikuh" (worn) {Dex+3 Int+3}
   (You found it on level 5 of the Dungeon)

   It affects your intelligence (+3).
   It affects your dexterity (+3).
   It has a curse placed upon it.
 O - a +0 pair of boots (worn)
Magical devices
 g - a wand of polymorph (0)
 l - a wand of teleportation (3)
 o - a wand of magic darts (20)
 A - a wand of slowing (0)
Comestibles
 a - 5 fruits
 c - 4 bread rations
 D - 2 meat rations
 F - 3 chunks of black bear flesh
Scrolls
 e - a scroll of amnesia
 i - a scroll of enchant weapon
 m - a scroll of recharging
 q - 2 scrolls of blinking
 w - 4 scrolls of teleportation
 x - a scroll of magic mapping
 y - 7 scrolls of identify
 B - 3 scrolls of enchant armour
 C - 2 scrolls of remove curse
Jewellery
 d - an uncursed ring of fire
 f - the ring of Siaxtoi {MP+9 Stlth--}
   (Xom gifted it to you on level 4 of the Dungeon)

   [ring of magical power]

   It affects your magic capacity (+9).
   It makes you much less stealthy.
 h - an uncursed amulet of resist corrosion
 j - a ring of poison resistance (right claw)
 r - an uncursed ring of fire
 u - a +4 ring of slaying (left claw)
 v - an amulet of warding (around neck)
 z - an uncursed ring of protection from magic
Potions
 k - 2 potions of brilliance
 p - 3 potions of curing


   Skills:
 + Level 7.7 Fighting
   Level 2.6 Long Blades
 + Level 6.5 Armour
 - Level 2.0 Dodging
 * Level 8.9 Unarmed Combat


You had 8 spell levels left.
You didn't know any spells.

Dungeon Overview and Level Annotations

Branches:
Dungeon (8/15)             Temple (0/1) D:4
   Lair: D:8-11

Altars:
Fedhas
Okawaru
Qazlal
Xom
The Shining One


Innate Abilities, Weirdness & Mutations

You have very sharp fingernails.
You are mostly covered in rough black scales (AC +7, Dex -2).
Your flesh is cold resistant.
You are slightly more attuned to the shadows.
You are immune to freezing clouds.
You tend to lose your temper in combat.
You can translocate small distances at will.
You are clumsy. (Dex -2)
Armour fits poorly on your strangely shaped body.
Your body is deteriorating.
You are weak. (Str -2)


Message History

* * * LOW HITPOINT WARNING * * *
The killer bee barely misses you. The killer bee stings you.
* * * LOW HITPOINT WARNING * * *
The killer bee stings you.
* * * LOW HITPOINT WARNING * * *
The killer bee stings you but does no damage. x2
The jackal skeleton bites you but does no damage.
Unknown command.
You scratch the killer bee.
The killer bee is almost dead.
The killer bee barely misses you.
The killer bee stings you but does no damage. x3
The killer bee stings you.
* * * LOW HITPOINT WARNING * * *
The killer bee stings you but does no damage.
The killer bee barely misses you.
The jackal skeleton bites you but does no damage.
The killer bee stings you.
You die...
Xom chuckles heartily!

###+#####
#.....?.#
##.......#
#.........#
#.....y%y.##
#.....Z@yy.#..
#...#.yyy...$..
#....##.#..
#!.### ## #...
#.## #. #. .


You could see 7 killer bees and a jackal skeleton.

Vanquished Creatures
  Pikel (D:5)
  An ugly thing (D:7)
  Eustachio (D:4)
  A hippogriff (D:7)
  A necrophage (D:6)
  A black bear (D:7)
  A sky beast (D:7)
  A slave (D:5)
  3 phantoms
  A crocodile (D:7)
  Sigmund (D:5)
  3 scorpions
  7 killer bees
  4 wights (D:6)
  3 crimson imps
  An orc priest (D:6)
  Crazy Yiuf (D:2)
  6 hounds
  An iguana (D:5)
  6 orc wizards
  Natasha (D:4)
  5 worker ants
  An ogre skeleton (D:7)
  2 hound skeletons
  8 adders
  7 gnolls
  3 shadow imps
  A white imp (D:6)
  A giant mite (D:6)
  An inept feature mimic (D:4)
  A worm (D:2)
  2 giant geckos
  An ooze (D:3)
  14 orcs
  A ball python (D:2)
  16 bats
  A bat skeleton (D:4)
  A bat zombie (D:6)
  8 giant cockroaches
  17 hobgoblins
  4 quokkas
  3 giant newts
  A giant newt skeleton (D:4)
  13 goblins
  4 jackals (D:3)
  20 kobolds
  12 rats
  A rat skeleton (D:7)
195 creatures vanquished.

Vanquished Creatures (collateral kills)
  A slave (D:5)
1 creature vanquished.

Vanquished Creatures (others)
  A giant frog (D:7)
1 creature vanquished.

Grand Total: 197 creatures vanquished

Notes
Turn   | Place    | Note
--------------------------------------------------------------
     0 | D:1      | MRaven, the Demonspawn Chaos Knight, began the quest for the Orb.
     0 | D:1      | Reached XP level 1. HP: 18/18 MP: 1/1
    10 | D:1      | Reached skill level 1 in Dodging
   108 | D:1      | XOM: cast spell 'Statue Form'
   321 | D:1      | Gained mutation: You have sharp fingernails. [demonic ancestry]
   321 | D:1      | Reached XP level 2. HP: 24/24 MP: 2/2
   880 | D:1      | Found an iron altar of Okawaru.
  1001 | D:2      | Reached skill level 1 in Unarmed Combat
  1206 | D:2      | Gained mutation: Your flesh is cold resistant. [demonic ancestry]
  1206 | D:2      | Reached XP level 3. HP: 19/29 MP: 3/3
  1323 | D:2      | XOM: divination: magic mapping
  1658 | D:2      | Noticed Crazy Yiuf
  1723 | D:2      | HP: 1/29 [Crazy Yiuf/quarterstaff of chaos (1)]
  1724 | D:2      | Killed Crazy Yiuf
  1724 | D:2      | Gained mutation: You are slightly more attuned to the shadows. [demonic ancestry]
  1724 | D:2      | Reached XP level 4. HP: 1/37 MP: 4/4
  2393 | D:3      | Reached skill level 4 in Fighting
  2426 | D:3      | Gained mutation: You are partially covered in rough black scales (AC +4, Dex -1). [demonic ancestry]
  2426 | D:3      | Reached XP level 5. HP: 27/42 MP: 5/5
  2550 | D:3      | XOM: colour smoke trail
  2633 | D:3      | XOM: medium Ice miscast
  2642 | D:3      | XOM: mild Erth miscast
  2768 | D:3      | XOM: summons 2 hostile demons
  2769 | D:3      | Noticed a red devil
  2922 | D:3      | XOM: stat loss: -1 Str (12/13)
  3032 | D:3      | Found a blossoming altar of Fedhas.
  3145 | D:4      | Noticed Eustachio
  3152 | D:4      | XOM: blink monster(s)
  3168 | D:4      | Gained mutation: You tend to lose your temper in combat. [potion of mutation]
  3168 | D:4      | Gained mutation: You are dopey. (Int -2) [potion of mutation]
  3168 | D:4      | Gained mutation: Your body is slowly deteriorating. [potion of mutation]
  3184 | D:4      | Killed Eustachio
  3184 | D:4      | Gained mutation: You are immune to freezing clouds. [demonic ancestry]
  3184 | D:4      | Reached XP level 6. HP: 43/49 MP: 6/6
  3337 | D:4      | Noticed a phantom
  3356 | D:4      | XOM: divination: magic mapping
  3357 | D:4      | Killed a phantom
  3400 | D:4      | XOM: vitrification
  3447 | D:4      | XOM: god gift: twitching ivory ring {god gift}
  3450 | D:4      | Got a twitching ivory ring {god gift}
  3451 | D:4      | Identified the ring of Siaxtoi {MP+9 Stlth--} (Xom gifted it to you on level 4 of the Dungeon)
  3495 | D:4      | XOM: god gift: scratched cabochon ring {god gift}
  3605 | D:4      | XOM: divination: magic mapping
  3643 | D:4      | XOM: swap monsters
  3720 | D:4      | Reached skill level 5 in Fighting
  3729 | D:4      | Gained mutation: You have very sharp fingernails. [demonic ancestry]
  3729 | D:4      | Reached XP level 7. HP: 47/56 MP: 7/7
  3729 | D:4      | XOM: divination: detect creatures
  3806 | D:4      | XOM: enchant monster (good)
  3829 | D:4      | Noticed a phantom
  3837 | D:4      | XOM: silly message
  3839 | D:4      | Killed a phantom
  3981 | D:4      | XOM: give mutations
  3981 | D:4      | Gained mutation: You are clumsy. (Dex -2) [Xom's mischief]
  3981 | D:4      | Gained mutation: Your body is deteriorating. [Xom's mischief]
  4039 | D:4      | XOM: colour smoke trail
  4217 | D:4      | XOM: colour smoke trail
  4345 | D:4      | Noticed Natasha
  4351 | D:4      | Killed Natasha
  4358 | D:4      | XOM: mild Hex miscast
  4372 | D:4      | Found a staircase to the Ecumenical Temple.
  4383 | D:4      | XOM: harmless Conj miscast
  4393 | D:4      | Reached skill level 5 in Unarmed Combat
  4415 | D:4      | XOM: give mutations
  4415 | D:4      | Gained mutation: Your magical capacity is low (-10% MP). [Xom's mischief]
  4415 | D:4      | Lost mutation: Your magical capacity is low (-10% MP). [Xom's mischief]
  4415 | D:4      | Gained mutation: Your body is rapidly deteriorating. [Xom's mischief]
  4545 | D:4      | XOM: mild Ice miscast
  4592 | D:4      | XOM: 10-stop teleportation journey
  4807 | D:5      | Entered Level 5 of the Dungeon
  4843 | D:5      | Got a brightly glowing hat
  4850 | D:5      | Identified the cursed +2 hat "Crikuh" {Dex+3 Int+3} (You found it on level 5 of the Dungeon)
  4891 | D:5      | XOM: give mutations
  4891 | D:5      | Gained mutation: Your muscles are strong. (Str +2) [Xom's mischief]
  4891 | D:5      | Lost mutation: Your muscles are strong. (Str +2) [Xom's mischief]
  4891 | D:5      | Lost mutation: You are dopey. (Int -2) [Xom's mischief]
  4972 | D:5      | XOM: mild Chrm miscast
  5077 | D:5      | XOM: give mutations
  5077 | D:5      | Gained mutation: You are weak. (Str -2) [Xom's mischief]
  5077 | D:5      | Lost mutation: Your body is rapidly deteriorating. [Xom's mischief]
  5077 | D:5      | Gained mutation: Armour fits poorly on your strangely shaped body. [Xom's mischief]
  5077 | D:5      | Gained mutation: You can translocate small distances at will. [Xom's mischief]
  5158 | D:5      | Noticed Sigmund
  5187 | D:5      | Killed Sigmund
  5760 | D:5      | Found a glowing golden altar of the Shining One.
  5825 | D:5      | XOM: harmless Pois miscast
  5831 | D:5      | XOM: blink monster(s)
  5832 | D:5      | XOM: confuse monster(s)
  5833 | D:5      | Noticed Pikel
  5917 | D:5      | Gained mutation: You are mostly covered in rough black scales (AC +7, Dex -2). [demonic ancestry]
  5917 | D:5      | Reached XP level 8. HP: 59/64 MP: 8/8
  6139 | D:5      | XOM: mild Conj miscast
  6210 | D:5      | XOM: harmless Summ miscast
  6327 | D:5      | XOM: scenery: create altars
  6424 | D:5      | Reached skill level 6 in Unarmed Combat
  6526 | D:5      | XOM: potion effect (berserk rage)
  6534 | D:5      | Killed Pikel
  6724 | D:6      | Reached skill level 5 in Armour
  6724 | D:6      | Reached skill level 7 in Unarmed Combat
  6798 | D:6      | XOM: 2-stop teleportation journey
  6847 | D:6      | Reached XP level 9. HP: 53/71 MP: 9/9
  7090 | D:6      | Found an iron altar of Okawaru.
  7361 | D:6      | XOM: swap monsters
  7364 | D:6      | XOM: polymorph crimson imp -> white imp
  7431 | D:6      | XOM: swap monsters
  7882 | D:7      | Reached skill level 8 in Unarmed Combat
  7895 | D:7      | XOM: potion effect (heal wounds)
  7978 | D:7      | Noticed a red ugly thing
  7983 | D:7      | XOM: potion effect (might)
  7988 | D:7      | Killed a green ugly thing
  8062 | D:7      | XOM: silly message
  8236 | D:7      | XOM: 2-stop teleportation journey
  8306 | D:7      | XOM: 2-stop teleportation journey
  8360 | D:7      | Found a stormy altar of Qazlal.
  8715 | D:8      | XOM: blink monster(s)
  8722 | D:8      | HP: 2/73 [killer bee (2)]
  8722 | D:8      | Slain by a killer bee

Action                   |  1- 3 |  4- 6 |  7- 9 || total
-------------------------+-------+-------+-------++-------
Melee: Falchion          |   136 |     5 |       ||   141
       Unarmed           |     2 |   295 |   446 ||   743
Evoke: Wand              |       |       |     2 ||     2
  Use: Potion            |     5 |     3 |     5 ||    13
       Scroll            |     6 |     5 |     1 ||    12
 Stab: Sleeping          |       |     2 |       ||     2
       Invisible         |       |     1 |     2 ||     3
       Confused          |       |     1 |     1 ||     2
       Paralysed         |       |       |     5 ||     5
  Eat: Chunk             |     3 |     6 |    16 ||    25
       Pizza             |       |     1 |     2 ||     3
       Beef jerky        |       |     1 |       ||     1
       Fruit             |       |       |     2 ||     2
